 Dungeon Sprint DCSS version 0.23.2-30-g0e89c35649 (webtiles) character file.

Game seed: 7565800381801555172

146 HASTUR3 the Grappler (level 5, -1/59 HPs)
             Began as a Troll Monk on June 21, 2019.
             Slain by an earth elemental (16 damage)
             ... summoned by a deep elf mage
             ... in the Dungeon (Sprint III: "The Ten Rune Challenge").
             The game lasted 00:02:01 (240 turns).

HASTUR3 the Grappler (Troll Monk)                    Turns: 240, Time: 00:02:02

Health: -1/59      AC:  6    Str: 19    XL:     5   Next: 7%
Magic:  4/4        EV: 11    Int:  6    God:
Gold:   19         SH:  0    Dex: 13    Spells: 4/4 levels left

rFire    . . .     SeeInvis .     - Unarmed
rCold    + . .     Gourm    +   (no shield)
rNeg     . . .     Faith    .   a - +0 robe
rPois    +         Spirit   .   (helmet restricted)
rElec    .         Reflect  .   (no cloak)
rCorr    .         Harm     .   (gloves unavailable)
MR       +....     NoTele   +   (boots unavailable)
Stlth    +++.......             (no amulet)
HPRegen  0.59/turn              (no ring)
MPRegen  0.09/turn              (no ring)

@: no status effects
A: large, unfitting armour, claws 3, camouflage 1, cold resistance 1, fast
metabolism 3, gourmand, magic resistance 1, poison resistance, regeneration 1,
robust 1, shaggy fur 1, tough skin 3
a: no special abilities


You were in the Dungeon.
You were very full.

You visited 1 branch You collected 19 gold pieces.

Inventory:

Armour
 a - a +0 robe (worn)
Scrolls
 h - a scroll of blinking
 j - a scroll of immolation {unknown}
 k - 2 scrolls of identify {unknown}
 l - 2 scrolls of remove curse {unknown}
 m - 3 scrolls of holy word {unknown}
Potions
 c - 2 potions of curing
 e - a potion of haste
 f - 2 potions of magic
 g - a potion of berserk rage
 i - a potion of mutation
 n - a potion of flight {unknown}
Comestibles
 b - 4 rations


   Skills:
 + Level 4.0 Fighting
 + Level 4.0 Dodging
 - Level 1.1 Stealth
 - Level 9.0 Unarmed Combat


You had 4 spell levels left.
You didn't know any spells.
Your spell library contained the following spells:

 Spells                   Type           Power        Failure   Level  Hunger
 Animate Skeleton         Necr           N/A          45%         1    ##.....
 Apportation              Tloc           #.....       45%         1    ##.....
 Confusing Touch          Hex            #.....       45%         1    ##.....
 Magic Dart               Conj           #...         45%         1    ##.....
 Summon Small Mammal      Summ           #...         45%         1    ##.....
 Blink                    Tloc           N/A          58%         2    ###....
 Call Imp                 Summ           #.......     58%         2    ###....
 Slow                     Hex            #.......     58%         2    ###....
 Conjure Flame            Conj/Fire      #.......     83%         3    ####...
 Mephitic Cloud           Conj/Pois/Air  #.......     83%         3    ####...


Dungeon Overview and Level Annotations

Branches:
Dungeon (1/1)

Altars:
Elyvilon
Kikubaaqudgha
Sif Muna
Vehumet
Zin
The Shining One


Innate Abilities, Weirdness & Mutations

You are too large for most types of armour.
You have claws for hands.
Your metabolism is lightning-fast.
You like to eat raw meat.
Your natural rate of healing is unusually fast.
You are covered in fur. (AC +1)
You have extremely tough skin. (AC +3)
Your skin changes colour to match your surroundings (Stealth+).
Your flesh is cold resistant. (rC+)
You are resistant to hostile enchantments. (MR+)
Your system is resistant to poisons. (rPois)
You are robust. (+10% HP)


Message History

You barely miss the deep elf mage.
The deep elf mage is severely wounded.
The deep elf mage hits you with a +2 long sword of holy wrath!
You completely miss the deep elf mage. Your claw misses the deep elf mage.
The deep elf mage is severely wounded.
You feel much better.
The deep elf mage hits you but does no damage.
You closely miss the deep elf mage.
The deep elf mage is severely wounded.
The deep elf mage mumbles some strange words.
You miss the deep elf mage.
The deep elf mage is severely wounded.
The deep elf mage points at you and mumbles some strange words.
The bolt of magma hits you!!
Ouch! That really hurt!
* * * LOW HITPOINT WARNING * * *
You closely miss the deep elf mage.
The deep elf mage is severely wounded.
The deep elf mage closely misses you. The earth elemental hits you!
You die...

▓▓▓▓▓▓▓▓ ▓▓▓ ..'....♣♣
♣.##### ..#.....♣♣
♣♣.#E__# ###......♣
♣..#e@.#
..#...÷≈♣♣♣♣..###'#+###+
..#...≈≈♣..♣♣.#..........
.(#÷.≈≈≈≈.♣♣..'.⌠........
#'#..≈≈≈≈≈≈♣♣.#...######+
.÷#.≈≈≈≈≈≈....#.⌠.#
..#.≈≈≈≈≈.....#...#
..#.≈≈≈.......#'###
###...........#.).#


You could see an earth elemental and a deep elf mage.

Vanquished Creatures
  A water elemental (D)
  A wizard (D)
  A human (D)
  A kobold demonologist (D)
  A wolf (D)
  An ooze (D)
  3 rats (D)
9 creatures vanquished.

Vanquished Creatures (others)
  2 draconian scorchers (D)
  6 hellions (D)
  A yaktaur (D)
  2 plants (D)
11 creatures vanquished.

Grand Total: 20 creatures vanquished

Notes
Turn   | Place    | Note
-------+----------+-------------------------------------------
     0 | D        | HASTUR3 the Troll Monk began the quest for the Orb.
     0 | D        | Reached XP level 1. HP: 22/22 MP: 0/0
    37 | D        | Noticed a wolf
    40 | D        | Killed a yaktaur
    43 | D        | Killed a wolf
    43 | D        | Reached skill level 5 in Unarmed Combat
    43 | D        | Reached XP level 2. HP: 15/29 MP: 1/1
    86 | D        | Gained mutation: You have sharp toenails. [potion of
                  | mutation]
    86 | D        | Gained mutation: You are resistant to hostile enchantments.
                  | (MR+) [potion of mutation]
    86 | D        | Gained mutation: Your skin changes colour to match your
                  | surroundings (Stealth+). [potion of mutation]
    86 | D        | Gained mutation: You are agile. (Dex +2) [potion of
                  | mutation]
    87 | D        | Lost mutation: You are resistant to hostile enchantments.
                  | (MR+) [potion of mutation]
    87 | D        | Lost mutation: You have sharp toenails. [potion of
                  | mutation]
    87 | D        | Gained mutation: Your mind is acute. (Int +2) [potion of
                  | mutation]
    87 | D        | Gained mutation: You have a pair of small antennae on your
                  | head. [potion of mutation]
    88 | D        | Lost mutation: Your mind is acute. (Int +2) [potion of
                  | mutation]
    88 | D        | Lost mutation: You are agile. (Dex +2) [potion of mutation]
    88 | D        | Lost mutation: You have a pair of small antennae on your
                  | head. [potion of mutation]
    88 | D        | Gained mutation: You are frail. (-10% HP) [potion of
                  | mutation]
    88 | D        | Gained mutation: Your muscles are strong. (Str +2) [potion
                  | of mutation]
    88 | D        | Killed a hellion
    89 | D        | Lost mutation: You are frail. (-10% HP) [potion of
                  | mutation]
    89 | D        | Lost mutation: Your muscles are strong. (Str +2) [potion of
                  | mutation]
    89 | D        | Gained mutation: You are resistant to hostile enchantments.
                  | (MR+) [potion of mutation]
    89 | D        | Gained mutation: You are robust. (+10% HP) [potion of
                  | mutation]
    89 | D        | Gained mutation: Your flesh is cold resistant. (rC+)
                  | [potion of mutation]
    89 | D        | Gained mutation: Your system is resistant to poisons.
                  | (rPois) [potion of mutation]
   145 | D        | Reached skill level 6 in Unarmed Combat
   145 | D        | Reached XP level 3. HP: 12/39 MP: 2/2
   171 | D        | Killed a hellion
   171 | D        | Killed a white draconian scorcher
   171 | D        | Killed a hellion
   181 | D        | Killed a hellion
   182 | D        | Killed a hellion
   194 | D        | Killed a hellion
   203 | D        | Noticed a water elemental
   207 | D        | Killed a water elemental
   207 | D        | Reached skill level 9 in Unarmed Combat
   207 | D        | Reached XP level 4. HP: 48/48 MP: 3/3
   210 | D        | Found a radiant altar of Vehumet.
   210 | D        | Found a deep blue altar of Sif Muna.
   210 | D        | Found an ancient bone altar of Kikubaaqudgha.
   210 | D        | Noticed a wizard
   213 | D        | Killed a wizard
   214 | D        | Reached XP level 5. HP: 59/59 MP: 4/4
   217 | D        | Killed a white draconian scorcher
   227 | D        | Found a glowing silver altar of Zin.
   228 | D        | Found a glowing golden altar of the Shining One.
   228 | D        | Found a white marble altar of Elyvilon.
   228 | D        | Noticed a deep elf mage
   240 | D        | Slain by an earth elemental

Skill      XL: |  1  2  3  4 |
---------------+-------------+-----
Unarmed Combat | 5 6 9 |  9.0
Fighting       | 4 |  4.0
Dodging        | 4 |  4.0
Stealth        | |  1.1

Action                   |  1- 3 |  4- 6 || total
-------------------------+-------+-------++-------
Melee: Unarmed           |    36 |    13 ||    49
  Use: Potion            |     4 |     1 ||     5
 Stab: Sleeping          |     1 |     2 ||     3
  Eat: Chunk             |     6 |       ||     6
Armor: Robe              |     5 |     1 ||     6
Dodge: Dodged            |    17 |     4 ||    21
